cohdb
Replays
Latest Replays
All Replays
Popular Replays
Top Player Replays
Match Explorer
How It Works
Community
CoH3 Stats
Reddit
Sign in to upload your games and track your stats! →
Sign in with Steam
Match 42124634
Unlisted
Match 42124634
Overview
Messages
Build Orders
End
Construct Section Command Post
Selects Air and Sea Battlegroup
Vickers Machine Gun Team
Dingo Light Scout Car
Infantry Section
Infantry Section
Infantry Section
Selects Supply Surplus
Construct Field Infirmary
Construct Platoon Command Post
Forward Retreat Point
Humber Armored Car
Construct Company Command Post
제육 볶음
MyStore
chad
threestars
VVarMachine
Anti-Something Squad
Tarkorotsu
Moltke1871
0
0
Comments
sign in to comment!
No comments posted yet!